 Dungeon Crawl Stone Soup version 0.30.1-3-gfc49f6343a (webtiles) character file.

Game seed: 1126861308359559600

286130 Peloso the Slayer (level 20, -8/198 HPs)
             Began as a Minotaur Fighter on July 18, 2023.
             Was the Champion of Okawaru.
             Killed from afar by a nagaraja (16 damage)
             ... with a poison arrow
             ... on level 4 of the Snake Pit.
             The game lasted 02:24:42 (44972 turns).

Peloso the Slayer (Minotaur Fighter)               Turns: 44972, Time: 02:24:43

Health: -8/198     AC: 32    Str: 25    XL:     20   Next: 18%
Magic:  20/20      EV:  9    Int:  8    God:    Okawaru [******]
Gold:   1897       SH:  0    Dex: 17    Spells: 19/19 levels left

rFire   . . .        b - +4 double sword (spect)
rCold   + . .        (no shield)
rNeg    . . .        N - +2 plate armour {Will+}
rPois   .            C - +1 hat
rElec   .            x - +2 cloak {Will+}
rCorr   .            B - +2 pair of gloves of Tasmaffe {rC+ Dex+2 Stlth+}
SInv    +            j - +2 pair of boots
Will    ++++.        Z - amulet of regeneration Stlth
                     z - +4 ring of slaying
HPRegen 1.33/turn    U - ring of the Blind Eye {rF+ Will+ Int+3 SInv}
MPRegen 0.17/turn

%: no passive effects
@: lethally poisoned (-8 -> -51), about to teleport, constricted, studying Short
Blades
A: horns 2, retaliatory headbutt, heat vulnerability 1
}: 1/15 runes: barnacled
a: Renounce Religion, Heroism, Finesse, Duel


You were on level 4 of the Snake Pit.
You worshipped Okawaru.
Okawaru was exalted by your worship.
You visited 7 branches of the dungeon, and saw 34 of its levels.
You also visited: Sewer, Ossuary, Bailey, Gauntlet and Ice Cave.

You collected 3993 gold pieces.
You spent 2096 gold pieces at shops.

Inventory:

Hand Weapons
 a - a +5 double sword of flaming
 b - a +4 spectral double sword (weapon)
Missiles
 c - 2 throwing nets (quivered)
Armour
 d - a +2 kite shield of reflection
 j - a +2 pair of boots (worn)
 v - the +0 pair of gloves "Bypi" {Drain rF++}
   (Okawaru gifted it to you on level 1 of the Orcish Mines)

   rF:        It greatly protects you from fire.
   Drain:     It drains your maximum health when unequipped.
 w - a +1 cloak of preservation
 x - a +2 cloak of willpower (worn)
 B - the +2 pair of gloves of Tasmaffe (worn) {rC+ Dex+2 Stlth+}
   (You bought it in a shop on level 2 of the Orcish Mines)

   Dex:       It affects your dexterity (+2).
   rC:        It protects you from cold.
   Stlth:     It makes you more stealthy.
 C - a +1 hat (worn)
 F - the +2 cloak "Kuagrusi" {Str+2}
   (You found it in a Gauntlet)

   Str:       It affects your strength (+2).
 N - a +2 plate armour of willpower (worn)
Jewellery
 e - a +6 ring of intelligence
 n - an amulet of the acrobat
 p - the ring of Peklecw {rElec rN+ Dex+3}
   (You took it off a deep elf sorcerer on level 3 of the Elven Halls)

   [ring of positive energy]

   Dex:       It affects your dexterity (+3).
   rElec:     It insulates you from electricity.
   rN:        It protects you from negative energy.
 r - a ring of resist corrosion
 y - a ring of poison resistance
 z - a +4 ring of slaying (left hand)
 I - the ring of Wiseesu {rElec Dex+6 SInv}
   (You took it off a minotaur in a Gauntlet)

   [ring of dexterity]

   Dex:       It affects your dexterity (+6).
   rElec:     It insulates you from electricity.
   SInv:      It lets you see invisible.
 M - a ring of flight
 U - the ring of the Blind Eye (right hand) {rF+ Will+ Int+3 SInv}
   (You bought it in a shop on level 9 of the Dungeon)

   [ring of willpower]

   Int:       It affects your intelligence (+3).
   rF:        It protects you from fire.
   SInv:      It lets you see invisible.
   Will:      It increases your willpower.
 Z - an amulet of regeneration (around neck)
Wands
 t - a wand of digging (4)
 u - a wand of paralysis (22)
Scrolls
 f - 9 scrolls of fear
 h - 11 scrolls of teleportation
 k - 5 scrolls of poison
 m - 9 scrolls of noise
 G - 9 scrolls of immolation
 J - 3 scrolls of blinking
 P - 2 scrolls of brand weapon
 Q - 2 scrolls of acquirement
 S - 6 scrolls of magic mapping
Potions
 g - 7 potions of curing
 i - 4 potions of flight
 l - a potion of heal wounds
 o - 3 potions of invisibility
 q - 6 potions of haste
 s - 2 potions of resistance
 E - 2 potions of berserk rage
 H - 4 potions of might
 Y - 3 potions of mutation


   Skills:
 + Level 21.3 Fighting
 + Level 20.8 Long Blades
 + Level 15.9 Axes
 + Level 18.0 Armour
 + Level 8.9 Dodging
 + Level 4.6 Stealth
 + Level 21.1 Shields
 + Level 2.1 Invocations
 + Level 0.8 Evocations


You had 19 spell levels left.
You didn't know any spells.
Your spell library contained the following spells:

 Spells                   Type           Power      Damage    Failure   Level
 Magic Dart               Conj           0%         1d3       95%         1
 Necrotise                Necr           0%         1d4       95%         1
 Sandblast                Erth           0%         2d4       95%         1
 Shock                    Conj/Air       0%         1d3       95%         1
 Sting                    Tmut/Pois      0%         1d3       95%         1
 Ensorcelled Hibernation  Hex/Ice        0%         N/A       98%         2
 Lesser Beckoning         Tloc           0%         N/A       98%         2
 Passwall                 Tmut/Erth      0%         N/A       98%         2
 Poisonous Vapours        Pois/Air       0%         N/A       98%         2
 Dazzling Flash           Conj/Hex       0%         N/A       100%        3
 Gell's Gravitas          Tloc           0%         N/A       100%        3
 Hailstorm                Conj/Ice       0%         3d3       100%        3
 Inner Flame              Hex/Fire       0%         N/A       100%        3
 Mephitic Cloud           Conj/Pois/Air  0%         N/A       100%        3
 Ozocubu's Armour         Ice            0%         N/A       100%        3
 Spider Form              Tmut/Pois      0%         N/A       100%        3
 Stone Arrow              Conj/Erth      0%         3d7       100%        3
 Swiftness                Air            0%         N/A       100%        3
 Teleport Other           Tloc           0%         N/A       100%        3
 Vampiric Draining        Necr           0%         2d6       100%        3
 Vhi's Electric Charge    Tloc/Air       0%         N/A       100%        3
 Volatile Blastmotes      Fire/Tloc      0%         2d10      100%        3
 Airstrike                Air            0%         2d(0-16)  100%        4
 Anguish                  Hex/Necr       0%         N/A       100%        4
 Cause Fear               Hex            0%         N/A       100%        4
 Dispel Undead            Necr           0%         3d6       100%        4
 Flame Wave               Conj/Fire      0%         2d4       100%        4
 Fulminant Prism          Conj/Hex       0%         3d5       100%        4
 Ice Form                 Ice/Tmut       0%         N/A       100%        4
 Iskenderun's Mystic Bla  Conj/Tloc      0%         2d3       100%        4
 Leda's Liquefaction      Hex/Erth       0%         N/A       100%        4
 Olgreb's Toxic Radiance  Pois           0%         N/A       100%        4
 Passage of Golubria      Tloc           0%         N/A       100%        4
 Sticky Flame             Conj/Fire      0%         2d3       100%        4
 Agony                    Necr           0%         N/A       100%        5
 Alistair's Intoxication  Tmut/Pois      0%         N/A       100%        5
 Arcjolt                  Conj/Air       0%         1d10      100%        5
 Blade Hands              Tmut           0%         N/A       100%        5
 Borgnjor's Vile Clutch   Necr/Erth      0%         N/A       100%        5
 Freezing Cloud           Conj/Ice/Air   0%         6-21      100%        5
 Irradiate                Conj/Tmut      0%         3d11      100%        5
 Lee's Rapid Deconstruct  Erth           0%         3d4*      100%        5
 Metabolic Englaciation   Hex/Ice        0%         N/A       100%        5
 Silence                  Hex/Air        0%         N/A       100%        5
 Yara's Violent Unravell  Hex/Tmut       0%         3d3       100%        5
 Dispersal                Tloc           0%         N/A       100%        6
 Eringya's Noxious Bog    Tmut/Pois      0%         N/A       100%        6
 Plasma Beam              Fire/Air       0%         2x1d11    100%        6
 Statue Form              Tmut/Erth      0%         N/A       100%        6
 Dragon Form              Tmut           0%         N/A       100%        7
 Orb of Destruction       Conj           0%         9d5       100%        7
 Ozocubu's Refrigeration  Ice            0%         4d7       100%        7
 Borgnjor's Revivificati  Necr           0%         N/A       100%        8
 Lehudib's Crystal Spear  Conj/Erth      0%         10d2      100%        8
 Necromutation            Tmut/Necr      0%         N/A       100%        8
 Death's Door             Necr           0%         N/A       100%        9
 Fire Storm               Conj/Fire      0%         5d1       100%        9
 Polar Vortex             Ice            0%         N/A       100%        9
 Summon Small Mammal      Summ           Unusable   N/A       N/A         1
 Call Imp                 Summ           Unusable   N/A       N/A         2
 Summon Guardian Golem    Hex/Summ       Unusable   N/A       N/A         3
 Tukima's Dance           Hex            Unusable   N/A       N/A         3
 Animate Dead             Necr           Unusable   N/A       N/A         4
 Summon Forest            Summ/Tloc      Unusable   N/A       N/A         5
 Death Channel            Necr           Unusable   N/A       N/A         6
 Simulacrum               Ice/Necr       Unusable   N/A       N/A         6
 Spellforged Servitor     Conj/Summ      Unusable   N/A       N/A         7
 Summon Hydra             Summ           Unusable   N/A       N/A         7
 Dragon's Call            Summ           Unusable   N/A       N/A         9

Dungeon Overview and Level Annotations

Branches:
Dungeon (15/15)            Temple (1/1) D:5            Lair (5/5) D:10
 Shoals (4/4) Lair:2        Snake (4/4) Lair:2        Slime (0/5) Lair:4
    Orc (2/2) D:10            Elf (3/3) Orc:2        Vaults (0/5) D:14
 Depths (0/4) D:15          Sewer (visited)         Ossuary (visited)
 Bailey (visited)           IceCv (visited)         Gauntlet (visited)

Altars:
Ashenzari
Cheibriados
Elyvilon
Hepliaklqana
Kikubaaqudgha
Nemelex Xobeh
Okawaru
Qazlal
Uskayaw
Vehumet
Yredelemnul
Zin
The Shining One

Shops:
D:5 *   D:9 =   D:13 !   Orc:2 *?((((==!   Elf:3 [   Shoals:1 *
Shoals:3 (=(((   Shoals:4 ?   Snake:1 :

Annotations:
Lair:1 Casa
Elf:2 3 runed translucent doors


Innate Abilities, Weirdness & Mutations

You have a pair of horns on your head.
You reflexively headbutt those who attack you in melee.
You are vulnerable to heat. (rF-)


Message History

The nagaraja closely misses you.
The naga warrior hits you with a +0 dire flail!
The naga warrior grabs you. The naga warrior constricts you.
The salamander mystic hits you but does no damage.
You slash the guardian serpent!
The guardian serpent is almost dead.
You feel very sick.
The guardian serpent casts a spell at you.
The bolt of poison hits you!!
You are more poisoned.
* * * LOW HITPOINT WARNING * * *
The bolt of poison hits the nagaraja.
The nagaraja misses you. You furiously retaliate!
You headbutt the nagaraja!
The naga sharpshooter spits poison at you.
The splash of poison hits you but does no damage.
You are more poisoned.
The naga warrior hits you with a +0 dire flail!
* * * LOW HITPOINT WARNING * * *
The naga warrior constricts you.
The nagaraja hits you but does no damage.
The guardian serpent barely misses you.
As you read the scroll of teleportation, it crumbles to dust.
You feel strangely unstable.
You feel very sick.
The naga warrior no longer looks unusually strong.
The salamander mystic closely misses you.
The guardian serpent hits you.
* * * LOW HITPOINT WARNING * * *
The nagaraja spits poison at you. The splash of poison hits you!
You are more poisoned.
* * * LOW HITPOINT WARNING * * *
The naga sharpshooter mumbles some strange words.
The naga sharpshooter magically shoots an arrow.
The arrow hits you!
* * * LOW HITPOINT WARNING * * *
The nagaraja points at you and mumbles some strange words.
The poison arrow hits you!
You are more poisoned.
You die...

##.######..#####........#
#.........!.............#
######.<......####......#
.###.....##..##.....#
...###..##....#...#.#
N⌠...####.....#####.#
...... #.......##..[#+
...N..##NS)#...#...).####
8.8....#@N.##..#.........
N....§.NNN###..#...).....
....⌠.....#.#..#...).....
..........#.#..#..#).....
8.8....#.##.#..#..#......
......####..#..#))#.))...
......#.....#..)..#))####
.⌠...##.....##....#[)#...
...###.......#....#.##...


You could see 2 nagarajas, a naga warrior, a naga sharpshooter (catching
breath), a salamander mystic and a guardian serpent.

Vanquished Creatures
  Nikola (Snake:4)
  Jorgrun (Snake:1)
  A deep elf master archer (Elf:3)
  A deep elf blademaster (Elf:3)
  Asterion (Elf:1)
  Frances (Snake:1)
  A kraken (Shoals:1)
  Donald (Orc:2)
  Kirke (D:13)
  Ilsuiw (Shoals:3)
  4 nagarajas
  Roxanne (Elf:2)
  6 deep elf elementalists (Elf:3)
  9 deep elf sorcerers
  Aizul (Snake:1)
  A very ugly thing (D:15)
  Azrael (Elf:1)
  13 deep elf annihilators (Elf:3)
  6 deep elf demonologists (Elf:3)
  A minotaur (Gauntlet)
  Snorg (Lair:5)
  3 merfolk javelineers
  9 merfolk impalers
  4 deep elf death magi
  Josephine (D:13)
  A deep elf high priest (Elf:3)
  A salamander tyrant (Snake:3)
  2 rakshasas (D:15)
  4 hydras
  4 vault guards
  Erolcha (D:12)
  Erica (Orc:1)
  2 ogre magi (Orc:2)
  A radroach (shapeshifter) (D:15)
  2 ironbound frosthearts (IceCv)
  5 catoblepae
  2 boulder beetles
  4 merfolk avatars
  11 anacondas
  2 satyrs
  6 centaur warriors
  21 naga warriors
  11 two-headed ogres
  5 merfolk aquamancers (Shoals:4)
  16 dancing weapons
  16 death yaks
  An orc high priest (Elf:2)
  15 naga sharpshooters
  5 shock serpents
  2 skysharks (Shoals:3)
  Sonja (D:10)
  9 deep elf knights
  3 skeletal warriors (D:15)
  2 deep trolls (Orc:2)
  5 salamander mystics
  Amaemon (D:9)
  A death drake (Gauntlet)
  2 goliath frogs (Lair:5)
  6 naga ritualists
  9 deep elf archers
  Pikel (D:8)
  A glowing orange brain (D:15)
  22 sea snakes
  A kraken simulacrum (Shoals:4)
  2 necromancers (D:14)
  A lindwurm (Lair:4)
  2 orc knights (Orc:2)
  11 harpies
  2 wizards (D:14)
  An oklob plant (Gauntlet)
  9 ugly things
  18 deep elf pyromancers
  28 deep elf zephyrmancers
  12 mana vipers
  An orc sorcerer (Orc:2)
  15 manticores
  12 fauns
  7 cyclopes
  17 salamanders
  Joseph (D:8)
  14 merfolk sirens
  36 black mambas
  10 elephants
  7 guardian serpents
  An ice statue (IceCv)
  19 naga magi
  3 centaur skeletons (D:8)
  16 cane toads
  2 unseen horrors
  3 gargoyles (D:11)
  An orange demon (D:9)
  3 water nymphs
  5 kobold demonologists
  Psyche (D:12)
  2 rime drakes
  A freezing wraith (D:14)
  2 ice devils (Orc:1)
  8 komodo dragons
  A redback zombie (D:8)
  35 merfolk
  17 trolls
  2 hornets
  16 polar bears
  9 wind drakes
  3 tyrant leeches (Lair:5)
  A queen bee (Lair:1)
  2 hellwings (D:8)
  Prince Ribbit (D:7)
  Grinder (Sewer)
  39 blink frogs
  6 dream sheep (Lair:5)
  11 snapping turtles
  16 slime creatures
  3 centaur simulacra (Gauntlet)
  A meliai zombie (Gauntlet)
  2 air elementals (Elf:1)
  A vampire (D:13)
  2 shadows
  9 wraiths
  A culicivora (shapeshifter) (Elf:2)
  13 water elementals
  7 wyverns
  6 fire elementals
  65 yaks
  22 humans
  5 hogs (D:13)
  3 basilisks
  3 wargs
  14 vampire mosquitoes
  Menkaure (D:7)
  47 nagas
  20 water moccasins
  The ghost of H0rd4k the Sneak, an amateur OpAr (D:3)
  3 hell hounds
  5 acid dragons
  3 black bears
  2 ice beasts
  37 wolves
  26 ogres
  21 orc warriors
  A sky beast (D:6)
  4 boggarts (Lair:5)
  22 centaurs
  2 phantoms
  A lemure (D:9)
  5 kobold brigands
  29 bullfrogs
  2 gnoll sergeants
  3 earth elementals
  2 scorpions
  15 wights
  30 killer bees
  5 electric eels
  4 howler monkeys
  6 centaur zombies
  A lava snake (D:15)
  Crazy Yiuf (D:4)
  3 gnoll boudas (D:7)
  3 hounds
  7 jellies
  2 human zombies (Ossuary)
  A wyvern simulacrum (Gauntlet)
  20 orc priests
  A sleepcap (D:5)
  Jessica (D:2)
  Terence (D:2)
  6 iguanas
  25 orc wizards
  4 hell rats (Lair:3)
  5 mummies (Ossuary)
  11 gnolls
  5 adders
  6 shadow imps
  3 white imps
  4 ufetubi
  5 worms
  2 dart slugs
  64 orcs
  4 endoplasms
  5 giant cockroaches
  9 goblins
  6 hobgoblins
  4 jackals
  28 kobolds
  6 quokkas
  11 ball pythons
  10 bats
  3 frilled lizards
  A kobold zombie (Ossuary)
  2 orc zombies
  6 rats (D:1)
  A fire vortex (D:15)
  5 tentacles
1445 creatures vanquished.

Vanquished Creatures (others)
  A naga sharpshooter (Snake:3)
  A manticore (Shoals:2)
  An air elemental (Elf:3)
  A naga (Snake:2)
  An orc wizard (D:4)
  9 spectral weapons
  11 tentacles
25 creatures vanquished.

Grand Total: 1470 creatures vanquished

Notes
Turn   | Place    | Note
-------+----------+-------------------------------------------
     0 | D:1      | Peloso the Minotaur Fighter began the quest for the Orb.
     0 | D:1      | Reached XP level 1. HP: 19/19 MP: 0/0
   158 | D:1      | Reached XP level 2. HP: 20/27 MP: 1/1
   374 | D:1      | Reached XP level 3. HP: 33/33 MP: 2/2
   941 | D:2      | Got the Enchiridion on the Zephyr and the Damned
  1003 | D:2      | Noticed Jessica
  1008 | D:2      | Killed Jessica
  1009 | D:2      | Reached XP level 4. HP: 40/40 MP: 3/3
  1157 | D:2      | Noticed Terence
  1163 | D:2      | Killed Terence
  1585 | D:3      | Found a runed translucent gate.
  1585 | D:3      | Noticed H0rd4k's ghost (amateur OpAr)
  1586 | D:3      | Found a runed translucent gate.
  1587 | D:3      | Found a runed translucent gate.
  1686 | D:3      | Reached XP level 5. HP: 43/46 MP: 4/4
  2027 | D:4      | Reached skill level 5 in Long Blades
  2087 | D:4      | Reached skill level 5 in Armour
  2173 | D:4      | Found a runed translucent door.
  2174 | D:4      | Noticed Crazy Yiuf
  2290 | D:4      | Reached XP level 6. HP: 23/53 MP: 5/5
  2635 | D:4      | You fall into a shaft and drop 2 floors!
  2685 | D:5      | Entered Level 5 of the Dungeon
  2798 | D:5      | Found a staircase to the Ecumenical Temple.
  2980 | D:5      | Found a transporter.
  2984 | D:5      | Found Wounlum's General Store.
  2986 | D:5      | Found a transporter.
  2991 | D:5      | Bought a scroll of magic mapping for 75 gold pieces
  3003 | D:5      | Found a glowing drain.
  3037 | D:5      | Found a sand-covered staircase.
  3043 | Ossuary  | Entered an ossuary
  3254 | Ossuary  | Reached XP level 7. HP: 51/60 MP: 6/6
  3309 | Sewer    | Entered a sewer
  3557 | Sewer    | Found an ancient bone altar of Kikubaaqudgha.
  3572 | Sewer    | Reached skill level 5 in Fighting
  3614 | Sewer    | Reached skill level 1 in Dodging
  3732 | Sewer    | Noticed Grinder
  3752 | Sewer    | Killed Grinder
  3753 | Sewer    | Reached skill level 5 in Shields
  4334 | D:5      | Reached XP level 8. HP: 63/70 MP: 7/7
  4868 | Temple   | Entered the Ecumenical Temple
  4877 | Temple   | Became a worshipper of Warmaster Okawaru
  5049 | D:4      | Found a glowing golden altar of the Shining One.
  5080 | D:4      | Found a sparkling altar of Nemelex Xobeh.
  5103 | D:4      | Found a hide-covered altar of Uskayaw.
  5424 | D:4      | Killed Crazy Yiuf
  5615 | D:5      | Reached * piety under Okawaru
  6027 | D:6      | Reached XP level 9. HP: 26/78 MP: 8/8
  6035 | D:6      | Reached skill level 10 in Long Blades
  6047 | D:6      | Reached ** piety under Okawaru
  7056 | D:7      | Noticed Prince Ribbit
  7070 | D:7      | Killed Prince Ribbit
  7506 | D:7      | Reached *** piety under Okawaru
  7582 | D:7      | Noticed Menkaure
  7588 | D:7      | Killed Menkaure
  7589 | D:7      | Reached XP level 10. HP: 82/88 MP: 6/9
  8219 | D:5      | Bought a potion of lignification for 30 gold pieces
  8336 | D:8      | Reached **** piety under Okawaru
  8683 | D:8      | Reached ***** piety under Okawaru
  8684 | D:8      | Reached XP level 11. HP: 97/97 MP: 10/10
  8840 | D:8      | Noticed Joseph
  8857 | D:8      | Killed Joseph
  9040 | D:8      | Received a gift from Okawaru
  9087 | D:8      | Identified the +1 robe "Damnable Contraption" {rF+ Will+
                  | SInv}
  9123 | D:8      | Reached skill level 10 in Armour
  9148 | D:8      | Reached skill level 10 in Shields
  9187 | D:8      | Reached skill level 1 in Stealth
  9204 | D:9      | Noticed Pikel
  9225 | D:8      | Killed Pikel
  9234 | D:9      | Identified the +6 sling "Ogrebane" {speed, rElec}
  9588 | D:9      | Found a glowing silver altar of Zin.
  9591 | D:9      | Found a basalt altar of Yredelemnul.
  9594 | D:9      | Found a stormy altar of Qazlal.
  9597 | D:9      | Found an ancient bone altar of Kikubaaqudgha.
  9658 | D:9      | Found Qelikkeg's Jewellery Emporium.
  9682 | D:9      | Noticed Amaemon
  9701 | D:9      | Killed Amaemon
 10277 | D:10     | Entered Level 10 of the Dungeon
 10291 | D:10     | Found a flagged portal.
 10297 | D:10     | Identified the +5 hand axe "Lujajainuor" {elec, rN+ rCorr
                  | SInv}
 10298 | D:10     | Identified the +9 hand axe "Anielaob" {flame, rN+}
 10328 | Bailey   | Entered a bailey
 10407 | Bailey   | Noticed a vault guard
 10418 | Bailey   | Killed a vault guard
 10419 | Bailey   | Reached skill level 1 in Invocations
 10479 | Bailey   | Noticed a vault guard
 10492 | Bailey   | Killed a vault guard
 10598 | Bailey   | Reached skill level 10 in Fighting
 10644 | D:10     | Found a staircase to the Orcish Mines.
 10668 | D:10     | Reached XP level 12. HP: 97/106 MP: 11/11
 10709 | D:10     | Received a gift from Okawaru
 10746 | D:10     | Noticed Sonja
 10750 | D:10     | Killed Sonja
 10908 | D:10     | Found a staircase to the Lair.
 11372 | D:3      | Killed H0rd4k's ghost
 11373 | D:3      | Reached skill level 5 in Axes
 11717 | D:11     | Received a gift from Okawaru
 11903 | D:11     | Noticed a two-headed ogre
 11912 | D:11     | Killed a two-headed ogre
 11932 | D:11     | Noticed a two-headed ogre
 11940 | D:11     | Killed a two-headed ogre
 11995 | D:11     | Identified the +0 hat "Wialint" {Harm rCorr} (Okawaru
                  | gifted it to you on level 11 of the Dungeon)
 11995 | D:11     | Received a gift from Okawaru
 12779 | Lair:1   | Entered Level 1 of the Lair of Beasts
 12787 | Lair:1   | You fall into a shaft and drop 1 floor!
 12787 | Lair:2   | Noticed a six-headed hydra
 12793 | Lair:2   | Killed a three-headed hydra
 12802 | Lair:2   | Reached XP level 13. HP: 95/116 MP: 10/12
 13212 | Lair:2   | Found a staircase to the Shoals.
 13418 | Lair:2   | Found a staircase to the Snake Pit.
 13635 | Lair:2   | Reached skill level 10 in Axes
 14907 | Lair:1   | Found the +8 whip "Snakebite" {venom, curare, rPois}
 15311 | Lair:3   | Reached ****** piety under Okawaru
 15311 | Lair:3   | Received a gift from Okawaru
 15457 | Lair:3   | Reached skill level 15 in Shields
 16438 | Lair:4   | Reached XP level 14. HP: 117/126 MP: 14/14
 16506 | Lair:4   | Reached skill level 5 in Dodging
 16547 | Lair:4   | Found a staircase to the Slime Pits.
 16997 | Lair:4   | Identified a scroll of acquirement
 17379 | D:12     | Found an ancient bone altar of Kikubaaqudgha.
 17522 | D:12     | Received a gift from Okawaru
 17822 | D:12     | Noticed Erolcha
 17826 | D:12     | Killed Erolcha
 17845 | D:12     | Noticed Psyche
 17853 | D:12     | Killed Psyche
 18531 | Orc:1    | Entered Level 1 of the Orcish Mines
 18653 | Orc:2    | Entered Level 2 of the Orcish Mines
 18685 | Orc:2    | Found Magod's Distillery.
 18688 | Orc:2    | Found a staircase to the Elven Halls.
 18737 | Orc:2    | Found Plog's Jewellery Shoppe.
 18796 | Orc:2    | Noticed Donald
 18809 | Orc:2    | Killed Donald
 18819 | Orc:2    | Found Genumuy's Antique Weapon Boutique.
 18821 | Orc:2    | Identified the +1 war axe of Duhago {protect, rC+ Will+}
                  | (Okawaru gifted it to you on level 2 of the Orcish Mines)
 18821 | Orc:2    | Received a gift from Okawaru
 18837 | Orc:2    | Found Ecsety's Magic Scroll Emporium.
 18845 | Orc:2    | HP: 2/129 [something (9)]
 18936 | Orc:2    | Found Masabath's Antique Weapon Shop.
 18942 | Orc:2    | Found Kaewuiv's Antique Weapon Boutique.
 18946 | Orc:2    | Found Xosadgh's Weapon Shop.
 18958 | Orc:2    | Found Gahimpam's Assorted Antiques.
 19229 | Orc:1    | Noticed Erica
 19250 | Orc:1    | Killed Erica
 19261 | Orc:1    | Identified the +0 pair of gloves "Bypi" {Drain rF++}
                  | (Okawaru gifted it to you on level 1 of the Orcish Mines)
 19261 | Orc:1    | Received a gift from Okawaru
 19277 | Orc:1    | Found a frozen archway.
 19287 | IceCv    | Entered an ice cave
 19734 | IceCv    | Reached XP level 15. HP: 136/136 MP: 15/15
 20142 | IceCv    | Identified the staff of cold "Ycetsar" {rC+ rN++}
 20708 | Orc:2    | Bought a scroll of identify for 28 gold pieces
 20709 | Orc:2    | Bought a scroll of identify for 28 gold pieces
 20772 | Orc:2    | Bought a pair of pitted gloves for 218 gold pieces
 20772 | Orc:2    | Identified the +2 pair of gloves of Tasmaffe {rC+ Dex+2
                  | Stlth+} (You bought it in a shop on level 2 of the Orcish
                  | Mines)
 20943 | Orc:2    | Bought a potion of mutation for 112 gold pieces
 20943 | Orc:2    | Bought a potion of attraction for 42 gold pieces
 20953 | Orc:2    | Found Ofyec's Jewellery Shop.
 21395 | D:13     | Found a gate leading to a gauntlet.
 21398 | D:13     | Noticed Josephine
 21423 | D:13     | Killed Josephine
 21433 | Gauntlet | Entered a Gauntlet
 21433 | Gauntlet | Found a transporter.
 21441 | Gauntlet | Found a transporter.
 21443 | Gauntlet | Found a transporter.
 21445 | Gauntlet | Found a transporter.
 21461 | Gauntlet | Found a transporter.
 21477 | Gauntlet | Found a transporter.
 21532 | Gauntlet | Found a transporter.
 21534 | Gauntlet | Found a transporter.
 21551 | Gauntlet | Found a transporter.
 21565 | Gauntlet | Found a transporter.
 21573 | Gauntlet | Found a transporter.
 21590 | Gauntlet | Found a transporter.
 21607 | Gauntlet | Found a transporter.
 21637 | Gauntlet | Found a transporter.
 21668 | Gauntlet | Found a transporter.
 21693 | Gauntlet | Found a transporter.
 21716 | Gauntlet | Found a transporter.
 21722 | Gauntlet | Found a transporter.
 21945 | Gauntlet | Identified the +2 cloak "Kuagrusi" {Str+2}
 21978 | Gauntlet | Identified the ring of Wiseesu {rElec Dex+6 SInv}
 22002 | Gauntlet | Identified the +1 robe of Egiad {Regen+ Str+3}
 22005 | Gauntlet | Identified the ring "Sufeysh" {Fire rElec MP+9}
 22289 | D:13     | Found Posan's Distillery.
 22322 | D:13     | Noticed Kirke
 22927 | D:13     | Killed Kirke
 23165 | Lair:5   | Entered Level 5 of the Lair of Beasts
 23280 | Lair:5   | Reached skill level 15 in Axes
 23494 | Lair:5   | Received a gift from Okawaru
 23495 | Lair:5   | Reached skill level 15 in Fighting
 23707 | Lair:5   | Reached XP level 16. HP: 144/149 MP: 16/16
 24145 | Lair:5   | Noticed Snorg
 24158 | Lair:5   | Killed Snorg
 24255 | Lair:5   | Identified the +1 sling of Jeinwio {freeze, rF- rC+ rN++}
 24312 | Lair:5   | Received a gift from Okawaru
 25601 | D:14     | Identified the +11 great sword "Vukuu" {spect, rC+ Will+
                  | Str+3}
 25661 | D:14     | Found a gate to the Vaults.
 26080 | Orc:2    | Bought a scroll of enchant weapon for 105 gold pieces
 26661 | D:15     | Entered Level 15 of the Dungeon
 27656 | D:15     | Found a staircase to the Depths.
 27966 | Shoals:1 | Entered Level 1 of the Shoals
 27990 | Shoals:1 | Found Tumayr's Island Escapes.
 28032 | Shoals:1 | Identified the +2 cloak "Luuntid" {Dex+4} (Okawaru gifted
                  | it to you on level 1 of the Shoals)
 28032 | Shoals:1 | Received a gift from Okawaru
 28137 | Shoals:1 | Identified the +1 chain mail "Fiyt" {rC- Str+4 Stlth+}
 28280 | Shoals:1 | HP: 6/152 [snapping turtle (12)]
 28584 | Shoals:1 | Noticed a kraken
 28614 | Shoals:1 | Killed a kraken
 29018 | Snake:1  | Entered Level 1 of the Snake Pit
 29025 | Snake:1  | Noticed Frances
 29037 | Snake:1  | Killed Frances
 29158 | Snake:1  | Noticed Aizul
 29174 | Snake:1  | Killed Aizul
 29243 | Snake:1  | Reached skill level 15 in Long Blades
 29255 | Snake:1  | Reached XP level 17. HP: 160/160 MP: 17/17
 29363 | Snake:1  | Found Ypouprax's Book Emporium.
 29573 | Snake:1  | Found a stormy altar of Qazlal.
 29605 | Snake:1  | Noticed Jorgrun
 29618 | Snake:1  | Killed Jorgrun
 30392 | Snake:2  | Received a gift from Okawaru
 30395 | Snake:2  | HP: 4/162 [naga/+0 hand axe (20)]
 31650 | Snake:3  | Reached skill level 15 in Armour
 31674 | Snake:3  | Received a gift from Okawaru
 31717 | Snake:3  | Found a hazy altar of Hepliaklqana.
 31860 | Snake:3  | Identified the scarf of Spring {harm, rCorr Str+2 Int+2}
                  | (Okawaru gifted it to you on level 3 of the Snake Pit)
 31860 | Snake:3  | Received a gift from Okawaru
 33075 | Shoals:2 | Reached XP level 18. HP: 172/172 MP: 18/18
 34145 | D:9      | Bought the ring of the Blind Eye {rF+ Will+ Int+3 SInv} for
                  | 594 gold pieces
 34250 | Elf:1    | Entered Level 1 of the Elven Halls
 34329 | Elf:1    | Paralysed by an air elemental for 1 turns
 34334 | Elf:1    | Paralysed by an air elemental for 1 turns
 34351 | Elf:1    | Identified the +2 trident of Goyxym {venom, *Slow rN+ Will+
                  | Dex+3}
 34417 | Elf:1    | Identified the +9 battleaxe of the Penguin {protect, rF+
                  | rCorr Str+2 Int+3} (Okawaru gifted it to you on level 1 of
                  | the Elven Halls)
 34417 | Elf:1    | Received a gift from Okawaru
 34843 | Elf:1    | Got the Exposition on Concussion and the Legion
 35083 | Elf:1    | Noticed Asterion
 35092 | Elf:1    | Killed Asterion
 35429 | Elf:2    | Noticed Azrael
 35436 | Elf:1    | Killed Azrael
 35534 | Elf:2    | Noticed Roxanne
 35546 | Elf:2    | Killed Roxanne
 35723 | Elf:2    | Received a gift from Okawaru
 35928 | Elf:2    | Found a runed translucent gate.
 35929 | Elf:2    | Found a runed translucent gate.
 35929 | Elf:2    | Found a runed translucent gate.
 36164 | Elf:3    | Entered Level 3 of the Elven Halls
 36285 | Elf:3    | Paralysed by an air elemental for 1 turns
 36290 | Elf:3    | Paralysed by an air elemental for 1 turns
 36530 | Elf:3    | Found Ifehoaprapn's Armour Emporium.
 37243 | Shoals:3 | Found Yhatoem's Weapon Boutique.
 37283 | Shoals:3 | Found Forythry's Weapon Shop.
 37348 | Shoals:3 | Identified the +0 robe of Beogh, Flying {rPois}
 37351 | Shoals:3 | Identified the +0 leather armour of the Arcane {Dex+2}
 37351 | Shoals:3 | Noticed Ilsuiw
 37359 | Shoals:3 | Killed Ilsuiw
 37364 | Shoals:3 | Received a gift from Okawaru
 37367 | Shoals:2 | HP: 6/163 [merfolk impaler/+3 trident of venom[Ilsuiw]
                  | (15)]
 37549 | Shoals:3 | Found Hapere's Weapon Shoppe.
 37555 | Shoals:3 | Found Tonocsus's Jewellery Shop.
 37615 | Shoals:3 | Found Luty's Antique Weapon Shop.
 37635 | Shoals:3 | Bought a fine falchion for 264 gold pieces
 37635 | Shoals:3 | Identified the +4 falchion of Lameso {spect, rC+ Int+3}
                  | (You bought it in a shop on level 3 of the Shoals)
 39337 | Elf:3    | Noticed a Tzitzimitl
 39562 | Elf:3    | Reached XP level 19. HP: 163/183 MP: 19/19
 39878 | Elf:3    | Received a gift from Okawaru
 39904 | Elf:2    | HP: 1/184 [deep elf zephyrmancer/bolt of lightning (27)]
 40162 | Elf:3    | Noticed a Brimstone Fiend
 40341 | Elf:3    | Identified the amulet "Sounwuij" {Faith rElec}
 40468 | Elf:3    | Identified the +0 chain mail of Impatience {Stlth+}
                  | (Okawaru gifted it to you on level 3 of the Elven Halls)
 40468 | Elf:3    | Received a gift from Okawaru
 40473 | Elf:3    | Gained mutation: You are vulnerable to heat. (rF-) [a
                  | neqoxec]
 40475 | Elf:3    | Identified the ring of Peklecw {rElec rN+ Dex+3}
 40899 | Elf:3    | Got Sif Muna's Enchiridion on Toxins
 40905 | Elf:3    | Got Sif Muna's Codex of Cryomancy and Astrapomancy
 40915 | Elf:3    | Identified the staff of fire "Torag" {rF+ Dex+3}
 41512 | Shoals:4 | Entered Level 4 of the Shoals
 41703 | Shoals:4 | Identified the +0 leather armour of Neod {Harm rElec rF+
                  | Dex+3}
 42611 | Shoals:4 | Identified the +4 flail of Inference {drain, Dex+3}
 42630 | Shoals:4 | Found Ustirr's Magic Scroll Boutique.
 42638 | Shoals:4 | Bought 3 scrolls of magic mapping for 360 gold pieces
 42638 | Shoals:4 | Bought a scroll of blinking for 120 gold pieces
 42638 | Shoals:4 | Bought a scroll of enchant weapon for 120 gold pieces
 43147 | Shoals:4 | Got a barnacled rune of Zot
 43191 | Shoals:4 | Received a gift from Okawaru
 43450 | Snake:4  | Entered Level 4 of the Snake Pit
 44151 | Snake:4  | Noticed Nikola
 44159 | Snake:4  | Killed Nikola
 44165 | Snake:4  | Reached XP level 20. HP: 88/195 MP: 18/20
 44479 | Snake:4  | Received a gift from Okawaru
 44972 | Snake:4  | HP: 8/198 [naga sharpshooter/arrow (15)]
 44972 | Snake:4  | Killed from afar by a nagaraja

Illustrated notes

Levels and vault maps discovered:
D:1:      dpeg_arrival_renting, layout_loops_ring
D:2:      layout_loops_ring, uniq_jessica, uniq_terence
D:3:      layout_basic, biasface_ghost_orc_armoury, serial_shops,
          nicolae_shop_bloodbath_and_beyond
D:4:      layout_loops_corners, mainiacjoe_overflow_large_starburst,
          kennysheep_mini_moat, uniq_crazy_yiuf_cottage
D:5:      minmay_spotlight, layout_loops_corners, temple_fountains,
          enter_ossuary_3, serial_shops, nicolae_shop_drivethru,
          cheibrodos_sewer_entry_sluice
D:6:      layout_basic
D:7:      minmay_s_stair_smasher, layout_layer_cave, due_unseen_surprise,
          uniq_menkaure, uniq_prince_ribbit1
D:8:      cheibrodos_grave_circle, layout_cave_pools, grunt_decor_resistance,
          uniq_joseph
D:9:      layout_irregular_city, grunt_temple_overflow_cloverleaf, serial_shops,
          nicolae_shop_waterfront, minmay_fractal_squares_diagonal_5,
          uniq_pikel, uniq_amaemon
D:10:     layout_roguey, david_lair_shrubbed, orc_0_dummy, enter_bailey_2,
          uniq_sonja
D:11:     nzn_winding_woodlands_three_and_one
          [nzn_winding_woodlands_5x15_pathside_ponds,
          nzn_winding_woodlands_5x15_jagged,
          nzn_winding_woodlands_5x15_sawtooth,
          nzn_winding_woodlands_center_garden], layout_loops_ring
D:12:     layout_loops_ring, nicolae_kikubaaqudgha_miasma_corner, uniq_erolcha,
          uniq_psyche
D:13:     layout_basic, serial_shops, shop, gauntlet_entry_generic,
          chequers_serial_rivers_small_b, uniq_kirke, uniq_josephine
D:14:     layout_basic, grunt_vaults_entry_tiered, chequers_jeans
D:15:     gammafunk_enter_depths_forms, layout_basic
Temple:   hellmonk_temple_of_storms
Lair:1:   minmay_guarded_unrand_snakebite, layout_long_grid, special_room
          [special_room_bee], chequers_serial_rivers_small_b,
          lemuel_old_faithful, serial_bayou_shore_b, infiniplex_staircase_pool
Lair:2:   layout_long_grid, elwin_shoals_entry_stream,
          guppyfry_snake_entry_island, grunt_megastairs_4,
          infiniplex_staircase_pool_2, serial_bayou_shore_b
Lair:3:   layout_chaotic_city, chequers_serial_rivers_room_b,
          grunt_megastairs_2, serial_bayou_shore_b
Lair:4:   layout_cave_pods, nicolae_slime_entry_field_trip, beast_lair_carwin_5
Lair:5:   minmay_lair_end_frog_pond, layout_loops_ring, kilobyte_rumbling_trees,
          uniq_snorg
Shoals:1: nicolae_shoals_offshore_bank_account, layout_shoals,
          nicolae_island_escapes
Shoals:2: layout_shoals, abandoned_shop, nicolae_shoals_lost_giant_hut
Shoals:3: layout_shoals, serial_shops, nicolae_shop_mannequins,
          nicolae_shop_real_fake_doors, shop, nicolae_shop_just_a_little_nook,
          shop, uniq_ilsuiw
Shoals:4: shoals_end_grunt_ice, layout_shoals, serial_shops,
          nicolae_shop_hallway_stairs
Snake:1:  layout_grid_maze, serial_shops, shop, basic_altar,
          hangedman_corner_corridor, lemuel_fruit_tree, uniq_frances,
          uniq_jorgrun, uniq_aizul
Snake:2:  layout_grid_maze, grunt_megastairs_1
Snake:3:  layout_cave_town, basic_altar, serial_bayou_pond_a,
          serial_bayou_lake_a
Snake:4:  grunt_snake_rune_serpentine_throne, layout_cave_town, uniq_nikola
Orc:1:    layout_diamond_mine, portal_ice_cave_demonic_guard, uniq_erica
Orc:2:    st_orc_open, layout_caves, serial_shops, shop, shop, shop,
          nicolae_shop_tiny_real_fake_doors, shop, uniq_donald
Elf:1:    minmay_elf_arrival_summoners, layout_geoelf_diagonals,
          minmay_elf_sorcery, nicolae_elf_v_pinch, nicolae_elf_big_sculpture_3,
          uniq_asterion
Elf:2:    nicolae_elf_blades_crystal_corner, layout_rooms, nrook_loot_triangle,
          lemuel_flame_loot_1, uniq_roxanne, uniq_azrael, uniq_zenata
Elf:3:    minmay_elf_hall_hex, layout_geoelf_octagon, serial_shops,
          nicolae_shop_rolling_square, serial_co_window_serial,
          co_window_of_opportunity_a, co_window_of_opportunity_a,
          co_window_of_opportunity_a, co_window_corner_a,
          co_window_of_opportunity_a, co_window_unsneaky_path_e,
          co_window_broadway_c, co_window_corner_ca, co_window_4corner_a,
          glass_columns_c, glass_columns_a, glass_columns_a, glass_columns_b,
          glass_columns_a

Skill      XL: |  1  2  3  4  5  6  7  8  9 10 11 12 13 14 15 16 17 18 19 20 |
---------------+-------------------------------------------------------------+-----
Armour         | 4 5 6 7 8 9 11 12 13 14 15 16 17 18 | 18.0
Shields        | 4 5 6 7 9 12 13 15 16 18 19 20 21 | 21.1
Long Blades    | 3 4 5 6 7 9 11 12 13 15 16 18 20 | 20.8
Fighting       | 4 6 8 9 10 11 12 13 15 16 18 19 20 21 | 21.3
Dodging        | 1 2 3 4 5 6 7 8 |  8.9
Stealth        | 1 2 3 4 |  4.6
Axes           | 3 9 12 14 15 | 15.9
Invocations    | 1 2 |  2.1
Evocations     | |  0.8

Action                     |  1- 3 |  4- 6 |  7- 9 | 10-12 | 13-15 | 16-18 | 19-21 || total
---------------------------+-------+-------+-------+-------+-------+-------+-------++-------
  Melee: Long sword        |    79 |   177 |   340 |       |       |       |       ||   596
         Headbutt          |     8 |    39 |    69 |   164 |   305 |   399 |   135 ||  1119
         Falchion          |       |       |     5 |   322 |       |       |       ||   327
         Hand axe          |       |       |       |   292 |  1066 |   221 |       ||  1579
         Unarmed           |       |       |       |       |     3 |       |       ||     3
         Double sword      |       |       |       |       |       |   909 |   343 ||  1252
         Great sword       |       |       |       |       |       |   317 |   112 ||   429
         Punch             |       |       |       |       |       |       |     8 ||     8
 Invoke: Heroism           |       |       |     2 |    10 |     8 |    11 |     2 ||    33
  Evoke: Wand              |       |       |       |     6 |       |     6 |       ||    12
    Use: Potion            |     3 |     1 |     1 |       |    11 |     9 |     5 ||    30
         Scroll            |     1 |     8 |     6 |     3 |    13 |    11 |    14 ||    56
   Stab: Petrified         |       |       |       |       |     2 |       |       ||     2
         Petrifying        |       |       |       |       |     1 |       |       ||     1
         Distracted        |       |       |       |       |       |     1 |    10 ||    11
 Armour: Scale mail        |    43 |     6 |       |       |       |       |       ||    49
         Chain mail        |       |    69 |   191 |   207 |   473 |   632 |    61 ||  1633
         Plate armour      |       |       |       |    30 |       |       |   363 ||   393
  Dodge: Dodged            |    33 |    66 |   116 |   160 |   325 |   606 |   334 ||  1640
  Block: Buckler           |    15 |    30 |    56 |       |       |       |       ||   101
         Kite shield       |       |       |    74 |   451 |   931 |   948 |       ||  2404
         Reflection        |       |       |       |    16 |    31 |   100 |       ||   147
